 Dungeon Crawl Stone Soup version 0.24.0-13-gcf9b319 (webtiles) character file.

Game seed: 2803547086071967986, levelgen mode: deterministic

3343 Bronimir the Vexing (level 10, -3/74 HPs)
             Began as a Gnoll Arcane Marksman on Apr 15, 2020.
             Was a Follower of Okawaru.
             Slain by a hornet (14 damage)
             ... on level 8 of the Dungeon.
             The game lasted 00:19:41 (9806 turns).

Bronimir the Vexing (Gnoll Arcane Marksman)         Turns: 9806, Time: 00:19:42

Health: -3/74      AC: 10    Str: 14    XL:     10   Next: 2%
Magic:  16/18      EV: 16    Int: 16    God:    Okawaru [*.....]
Gold:   273        SH:  0    Dex: 15    Spells: 10/20 levels left

rFire    . . .     SeeInvis .   b - +0 war axe
rCold    . . .     Gourm    .   (no shield)
rNeg     . . .     Faith    .   r - +2 leather armour {MR+}
rPois    .         Spirit   .   c - +2 helmet
rElec    .         Reflect  .   (no cloak)
rCorr    .         Harm     .   i - +0 pair of gloves
MR       +....                  (no boots)
Stlth    +++.......             (no amulet)
HPRegen  0.22/turn              (no ring)
MPRegen  0.16/turn              (no ring)

@: lethally poisoned (-3 -> -4), slowed, very slow
A: distributed training, fangs 1, weak 1, MP-powered wands, strong nose
a: Heroism, Renounce Religion


You were on level 8 of the Dungeon.
You worshipped Okawaru.
Okawaru was aware of your devotion.
You were hungry.

You visited 2 branches of the dungeon, and saw 9 of its levels.
You also visited: Sewer.

You collected 317 gold pieces.
You spent 44 gold pieces at shops.

Inventory:

Hand Weapons
 a - a +0 hand crossbow
 b - a +0 war axe (weapon)
 g - a +0 hunting sling
 z - a +0 hand axe
 F - a +0 shortbow
 J - a +0 halberd
 K - a +0 shortbow
Missiles
 d - 8 bolts
 n - 212 arrows
 o - 297 stones
 u - 40 poisoned darts (quivered)
Armour
 c - a +2 helmet (worn)
 i - a +0 pair of gloves (worn)
 r - a +2 leather armour of magic resistance (worn)
 v - a +0 large shield
 L - the +18 shield of the Gong {rElec rN+ MR+ EV-5}
   (You found it on level 5 of the Dungeon)

   It affects your evasion (-5).
   It insulates you from electricity.
   It protects you from negative energy.
   It affects your resistance to hostile enchantments.
Jewellery
 k - an uncursed ring of ice
Wands
 x - a wand of digging (7)
 B - a wand of disintegration (12)
Scrolls
 e - a scroll of amnesia
 j - 2 scrolls of magic mapping
 l - a scroll of brand weapon {unknown}
 m - 4 scrolls of remove curse
 p - a scroll of fog
 q - 3 scrolls of teleportation
 s - 2 scrolls of identify
 y - 5 scrolls of blinking
 G - a scroll of torment {unknown}
Potions
 t - 2 potions of brilliance {unknown}
 w - a potion of might {unknown}
 A - a potion of agility {unknown}
 C - a potion of cancellation {unknown}
 E - 3 potions of haste {unknown}
 I - a potion of mutation
Comestibles
 f - 18 rations
 h - a chunk of flesh


   Skills:
 + Level 5.4 Fighting
 + Level 4.7 Short Blades
 + Level 4.7 Long Blades
 + Level 4.7 Axes
 + Level 4.7 Maces & Flails
 + Level 4.7 Polearms
 + Level 4.7 Staves
 + Level 4.7 Slings
 + Level 4.7 Bows
 + Level 6.6 Crossbows
 + Level 4.7 Throwing
 + Level 4.7 Armour
 + Level 6.6 Dodging
 + Level 4.7 Stealth
 + Level 4.7 Shields
 + Level 4.7 Unarmed Combat
 + Level 5.6 Spellcasting
 + Level 3.9 Conjurations
 + Level 6.8 Hexes
 + Level 3.9 Charms
 + Level 3.9 Summonings
 + Level 3.9 Necromancy
 + Level 3.9 Translocations
 + Level 3.9 Transmutations
 + Level 3.9 Fire Magic
 + Level 3.9 Ice Magic
 + Level 3.9 Air Magic
 + Level 3.9 Earth Magic
 + Level 3.9 Poison Magic
 + Level 5.2 Invocations
 + Level 4.7 Evocations


You had 10 spell levels left.
You knew the following spells:

 Your Spells              Type           Power        Failure   Level  Hunger
a - Corona                Hex            ####...      1%          1    None
b - Slow                  Hex            ####....     1%          2    #......
c - Portal Projectile     Hex/Tloc       ###...       6%          3    ###....
d - Cause Fear            Hex            ####......   11%         4    ####...

Your spell library contained the following spells:

 Spells                   Type           Power        Failure   Level  Hunger
 Inner Flame              Hex/Fire       ###.....     6%          3    ###....
 Leda's Liquefaction      Hex/Erth       ###.......   19%         4    ####...


Dungeon Overview and Level Annotations

Branches:
Dungeon (8/15)             Temple (1/1) D:7           Sewer (visited)
   Lair: D:8-11

Altars:
Elyvilon
Hepliaklqana
Okawaru
Uskayaw
Wu Jian
Zin
The Shining One

Shops:
D:4 !

Annotations:
D:8 2 transporters, Grum; Prince Ribbit; Sylveadiff's ghost, novice TrFi


Innate Abilities, Weirdness & Mutations

Your experience applies equally to all skills.
You have very sharp teeth.
Your uncanny sense of smell can sniff out nearby items.
You are weak. (Str -2)
You expend magic power (3 MP) to strengthen your wands.


Message History

You hit the hornet but do no damage.
The hornet is severely wounded.
You feel sick. The hornet closely misses you. The hornet completely misses you.
The hornet closely misses you.
You barely miss the hornet.
The hornet is severely wounded.
You feel yourself speed up. The hornet misses you.
The hornet closely misses you. The hornet stings you.
You suddenly lose the ability to move!
You can move again.
You miss the hornet.
The hornet is severely wounded.
You feel sick. The hornet stings you!
* * * LOW HITPOINT WARNING * * *
You feel yourself slow down.
The hornet stings you but does no damage.
You barely miss the hornet.
The hornet is severely wounded.
The hornet stings you!
You die...

####### ##.)...##
########....#..#
##........###.###
##...###.###.#.##
#≈≈...≈≈#.####.#@#
#≈..♣..≈#...#.#y##
............##.#.#
..♣._.♣.....#.# ##.
............## ##..
#≈..♣..≈#....#∆∆#...# #
≈...≈≈#....#∆∆#...#####
###...###....####.......#######
..#..## #................)....#


You could see a hornet.

Vanquished Creatures
  Pikel (D:8)
  A wyvern (D:8)
  A water moccasin (D:6)
  An orc warrior (D:6)
  3 porcupines (D:8)
  4 sky beasts
  An ice beast (D:4)
  3 slaves (D:8)
  2 phantoms
  A wolf (D:7)
  3 centaurs
  An ogre (D:5)
  A big kobold (D:7)
  A bullfrog (D:7)
  A scorpion (D:8)
  A water moccasin skeleton (D:4)
  6 killer bees (D:7)
  2 howler monkeys
  3 hounds
  A quasit (D:6)
  A jelly (D:5)
  2 orc wizards (D:5)
  An orc priest (D:6)
  A gnoll shaman (D:5)
  2 bullfrog skeletons
  3 worker ants
  A killer bee zombie (D:6)
  A hound zombie (D:5)
  6 adders
  4 gnolls
  2 river rats (Sewer)
  2 shadow imps (D:8)
  An ooze (D:1)
  An adder skeleton (D:5)
  An adder zombie (D:7)
  3 worms
  3 dart slugs
  A leopard gecko (D:4)
  6 orcs
  7 giant cockroaches
  6 goblins
  5 hobgoblins
  6 quokkas
  2 ball pythons
  8 bats
  12 frilled lizards
  A jackal zombie (D:8)
  9 kobolds
  9 rats
145 creatures vanquished.

Vanquished Creatures (others)
  A slave (D:8)
  A scorpion (D:8)
  A quokka (D:8)
  7 fungi (D:8)
  2 plants (D:8)
12 creatures vanquished.

Grand Total: 157 creatures vanquished

Notes
Turn   | Place    | Note
-------+----------+-------------------------------------------
     0 | D:1      | Bronimir the Gnoll Arcane Marksman began the quest for the
                  | Orb.
     0 | D:1      | Reached XP level 1. HP: 17/17 MP: 4/4
   254 | D:1      | Reached XP level 2. HP: 20/23 MP: 5/5
   406 | D:1      | Learned a level 2 spell: Slow
   465 | D:1      | Reached XP level 3. HP: 19/28 MP: 7/7
  1059 | D:1      | Reached skill level 1 in Short Blades
  1059 | D:1      | Reached skill level 1 in Long Blades
  1059 | D:1      | Reached skill level 1 in Axes
  1059 | D:1      | Reached skill level 1 in Maces & Flails
  1059 | D:1      | Reached skill level 1 in Polearms
  1059 | D:1      | Reached skill level 1 in Staves
  1059 | D:1      | Reached skill level 1 in Slings
  1059 | D:1      | Reached skill level 1 in Bows
  1059 | D:1      | Reached skill level 1 in Throwing
  1059 | D:1      | Reached skill level 1 in Armour
  1059 | D:1      | Reached skill level 1 in Stealth
  1059 | D:1      | Reached skill level 1 in Shields
  1059 | D:1      | Reached skill level 1 in Unarmed Combat
  1059 | D:1      | Reached skill level 1 in Invocations
  1059 | D:1      | Reached skill level 1 in Evocations
  1312 | D:2      | Reached XP level 4. HP: 34/34 MP: 8/8
  1640 | D:2      | Learned a level 3 spell: Portal Projectile
  2176 | D:3      | Found a hazy altar of Hepliaklqana.
  2652 | D:4      | Found Ijoegin's Distillery.
  2660 | D:4      | Reached skill level 1 in Conjurations
  2660 | D:4      | Reached skill level 1 in Charms
  2660 | D:4      | Reached skill level 1 in Summonings
  2660 | D:4      | Reached skill level 1 in Necromancy
  2660 | D:4      | Reached skill level 1 in Translocations
  2660 | D:4      | Reached skill level 1 in Transmutations
  2660 | D:4      | Reached skill level 1 in Fire Magic
  2660 | D:4      | Reached skill level 1 in Ice Magic
  2660 | D:4      | Reached skill level 1 in Air Magic
  2660 | D:4      | Reached skill level 1 in Earth Magic
  2660 | D:4      | Reached skill level 1 in Poison Magic
  2660 | D:4      | Reached XP level 5. HP: 38/40 MP: 9/9
  2684 | D:4      | Noticed an ice beast
  2948 | D:4      | Killed an ice beast
  2956 | D:4      | Bought a potion of degeneration for 11 gold pieces
  2956 | D:4      | Bought a potion of curing for 33 gold pieces
  2998 | D:4      | Reached XP level 6. HP: 35/47 MP: 10/10
  3005 | D:4      | Gained mutation: You are weak. (Str -2) [potion of
                  | mutation]
  3005 | D:4      | Gained mutation: You expend magic power (3 MP) to
                  | strengthen your wands. [potion of mutation]
  3182 | D:4      | Noticed a phantom
  3200 | D:4      | Killed a phantom
  3200 | D:4      | Reached skill level 5 in Crossbows
  3200 | D:4      | Reached skill level 5 in Dodging
  3223 | D:4      | Found a glowing drain.
  3239 | Sewer    | Entered a sewer
  3641 | D:4      | Found an ornate altar of the Wu Jian Council.
  3741 | D:4      | Reached XP level 7. HP: 52/52 MP: 12/12
  3956 | D:5      | Entered Level 5 of the Dungeon
  4098 | D:5      | Found a glowing silver altar of Zin.
  4409 | D:5      | Reached XP level 8. HP: 53/60 MP: 14/14
  4546 | D:5      | Found the +18 shield of the Gong {rElec rN+ MR+ EV-5}
  4729 | D:5      | Found a hide-covered altar of Uskayaw.
  5650 | D:7      | Reached XP level 9. HP: 40/66 MP: 14/16
  5949 | D:7      | HP: 3/66 [killer bee (4)]
  6268 | D:7      | Found a staircase to the Ecumenical Temple.
  6282 | Temple   | Entered the Ecumenical Temple
  6315 | Temple   | Became a worshipper of Warmaster Okawaru
  6924 | D:7      | Reached skill level 5 in Spellcasting
  7068 | D:7      | Learned a level 4 spell: Cause Fear
  7459 | D:8      | Noticed Prince Ribbit
  7648 | D:8      | Found a white marble altar of Elyvilon.
  7844 | D:8      | Reached skill level 5 in Fighting
  8124 | D:8      | Noticed Pikel
  8154 | D:8      | Killed Pikel
  8154 | D:8      | Reached * piety under Okawaru
  8154 | D:8      | Reached skill level 5 in Invocations
  8169 | D:8      | Noticed Grum
  8176 | D:8      | Found a transporter.
  8177 | D:8      | Noticed Sylveadiff's ghost (novice TrFi)
  8469 | D:8      | HP: 3/68 [poisoned by Grum]
  8843 | D:8      | Found a transporter.
  9267 | D:7      | HP: 3/68 [poisoned by Grum]
  9616 | D:8      | Reached XP level 10. HP: 59/74 MP: 18/18
  9796 | D:8      | Paralysed by a hornet for 1 turns
  9804 | D:8      | Paralysed by a hornet for 1 turns
  9806 | D:8      | Slain by a hornet

Levels and vault maps discovered:
D:1:      dpeg_arrival_circle_labyrinth_c, layout_loops_ring, minmay_octomino_c4
D:2:      layout_loops_ring
D:3:      layout_basic, nicolae_overflow_crystal_walls, first_ration
D:4:      layout_loops_ring, kennysheep_mini, serial_shops, shop,
          portal_sewer_entry_d
D:5:      wad_lake_hut, layout_basic, lemuel_round_altar, old_standard_altar
D:6:      layout_rooms, lemuel_round_altar, basic_altar, st_stairs_7,
          okawaru_ov_weapons_minmay, uniq_crazy_yiuf_cottage
D:7:      layout_basic, minmay_temple_entry_gardened_gates
D:8:      layout_basic, elyvilon_altar_4, grunt_lair_entry_orc_guard_hut,
          gammafunk_ghost_arena, hangedman_pestilent_swarm, uniq_prince_ribbit1,
          uniq_harold, uniq_grum, uniq_pikel
Temple:   minmay_temple_curvy_branch

Skill      XL: |  1  2  3  4  5  6  7  8  9 |
---------------+----------------------------+-----
Short Blades   | 1 2 3 4 |  4.7
Long Blades    | 1 2 3 4 |  4.7
Axes           | 1 2 3 4 |  4.7
Maces & Flails | 1 2 3 4 |  4.7
Polearms       | 1 2 3 4 |  4.7
Staves         | 1 2 3 4 |  4.7
Slings         | 1 2 3 4 |  4.7
Bows           | 1 2 3 4 |  4.7
Throwing       | 1 2 3 4 |  4.7
Armour         | 1 2 3 4 |  4.7
Stealth        | 1 2 3 4 |  4.7
Shields        | 1 2 3 4 |  4.7
Unarmed Combat | 1 2 3 4 |  4.7
Invocations    | 1 2 3 4 5 |  5.2
Evocations     | 1 2 3 4 |  4.7
Spellcasting   | 3 4 5 |  5.6
Conjurations   | 1 2 3 |  3.9
Charms         | 1 2 3 |  3.9
Summonings     | 1 2 3 |  3.9
Necromancy     | 1 2 3 |  3.9
Translocations | 1 2 3 |  3.9
Transmutations | 1 2 3 |  3.9
Fire Magic     | 1 2 3 |  3.9
Ice Magic      | 1 2 3 |  3.9
Air Magic      | 1 2 3 |  3.9
Earth Magic    | 1 2 3 |  3.9
Poison Magic   | 1 2 3 |  3.9
Fighting       | 3 4 5 |  5.4
Crossbows      | 5 6 |  6.6
Dodging        | 5 6 |  6.6
Hexes          | 6 |  6.8

Action                   |  1- 3 |  4- 6 |  7- 9 | 10-12 || total
-------------------------+-------+-------+-------+-------++-------
Melee: Hand axe          |    12 |       |    84 |       ||    96
       Bite              |       |       |    15 |     3 ||    18
       War axe           |       |       |    83 |    26 ||   109
       Punch             |       |       |     1 |     1 ||     2
 Fire: Hand crossbow     |    45 |   149 |   237 |       ||   431
Throw: Stone             |       |       |    10 |       ||    10
       Dart              |       |       |     6 |       ||     6
 Cast: Slow              |       |     2 |     3 |       ||     5
       Corona            |       |       |     2 |       ||     2
       Cause Fear        |       |       |     3 |     1 ||     4
Evoke: Wand              |       |       |     3 |       ||     3
  Use: Potion            |       |     4 |     8 |       ||    12
       Scroll            |       |       |    15 |       ||    15
 Stab: Sleeping          |     2 |       |       |     1 ||     3
       Distracted        |       |       |       |     1 ||     1
  Eat: Chunk             |       |     8 |     9 |     1 ||    18
       Ration            |       |       |     3 |       ||     3
Armor: Robe              |     2 |       |       |       ||     2
       Leather armour    |     2 |     5 |    86 |    13 ||   106
Dodge: Dodged            |    36 |    41 |   314 |    22 ||   413
